Map: Void Thrashing

Players

Hunter

  • Race: Zerg Zerg
  • League: Diamond

speckdeck

  • Race: Protoss Protoss
  • Spawn Location: 6:00

VOD

https://youtu.be/oCbfTnmNKUw

Description

Dehaka is so much fun to play and if you can micro well he will never die and can solo any attack wave. Call downs are the best for clearing bases as they have good AOE and good sustained dps. Always be on the look out out psychic units because if you est them you will get a super powerful AOE attack. Make sure to get your call downs asap and then transmission into Mutas.

Time

  • Played on: July 4, 2018, 5:20 p.m.
  • Length: 16:01
Show
View Real Time Build Order
Export as new Build Order

Hunter Zerg 

Build Orders:  

Get SALT Encoding   

  18  0:06  Primal Drone  
  19  0:13  Primal Drone  
  19  0:18  Primal Drone  
  21  0:25  Primal Drone  
  22  0:34  Primal Drone  
  23  0:40  Extractor  
  23  1:03  Primal Warden  
  24  1:10  Primal Drone x2  
  26  1:20  Extractor  
  26  1:31  Primal Drone  
  27  1:41  Primal Drone  
  28  2:10  Primal Zergling  
  28  2:11  Glevig's Den  
  28  2:30  Primal Zergling  
  29  3:33  Primal Drone x2  
  29  3:34  Primal Drone x2  
  33  3:56  Murvar's Den  
  37  4:02  Primal Hive  
  37  4:07  Primal Drone x3  
  40  4:27  Primal Drone  
  41  4:38  Primal Drone  
  42  4:54  Primal Drone  
  43  5:13  Primal Warden  
  43  5:18  Primal Drone  
  44  5:37  Primal Warden  
  44  5:38  Primal Warden  
  47  5:41  Primal Warden  
  47  5:42  Extractor  
  47  5:43  Extractor  
  47  5:44  Primal Drone x2  
  47  5:45  Primal Drone  
  50  6:07  Dakrun's Den  
  49  6:41  Primal Drone x2  
  51  6:53  Primal Drone x3  
  51  6:54  Primal Drone x4  
  58  7:29  Primal Drone x2  
  60  7:37  Primal Drone  
  60  7:38  Primal Drone x2  
  63  7:44  Primal Carapace Level 1, Primal Attacks Level 1  
  63  7:49  Slicing Glave  
  63  7:57  Primal Drone  
  63  7:58  Primal Drone x2  
  66  8:39  Primal Hydralisk  
  68  8:40  Primal Hydralisk x8  
  68  8:49  Shifting Carapace  
  84  9:18  Primal Drone x2  
  84  9:19  Primal Drone x4  
  90  9:49  Primal Reconstitution  
  90  10:05  Primal Mutalisk x4  
  86  10:10  Primal Hydralisk x9  
  86  10:11  Primal Hydralisk x5  
  114  10:37  Primal Carapace Level 2, Primal Attacks Level 2  
  114  10:41  Primal Mutalisk x5  
  109  11:56  Primal Hydralisk x4  
  109  11:57  Primal Mutalisk  
  109  11:58  Primal Mutalisk  
  115  12:22  Primal Hydralisk x2  
  115  12:23  Primal Hydralisk  
  121  13:06  Primal Mutalisk x3  
  121  13:07  Primal Mutalisk  
  117  14:33  Primal Hydralisk x12  
  117  14:34  Primal Hydralisk x5  
  151  15:18  Primal Mutalisk  
  151  15:19  Primal Mutalisk x6  
  144  15:20  Primal Mutalisk  
Show
View Real Time Build Order
Export as new Build Order

speckdeck Protoss 

Build Orders:  

Get SALT Encoding   

  12  0:03  Probe (Chrono Boost)  
  13  0:17  Probe (Chrono Boost)  
  14  0:27  Pylon  
  14  0:31  Probe (Chrono Boost)  
  15  0:43  Assimilator  
  15  0:52  Probe (Chrono Boost)  
  15  0:58  Assimilator  
  16  1:06  Probe (Chrono Boost)  
  17  1:16  Gateway  
  17  1:20  Probe (Chrono Boost)  
  18  1:39  Probe (Chrono Boost), Pylon  
  19  1:53  Probe (Chrono Boost)  
  19  1:59  Gateway  
  20  2:06  Probe (Chrono Boost)  
  21  2:23  Cybernetics Core  
  21  2:24  Probe (Chrono Boost)  
  22  2:35  Centurion  
  24  2:46  Forge  
  24  2:47  Probe (Chrono Boost)  
  25  3:03  Warp Gate  
  25  3:05  Centurion  
  27  3:10  Pylon  
  27  3:21  Stalker  
  29  3:32  Protoss Ground Weapons Level 1  
  29  3:43  Twilight Council  
  29  3:49  Stalker  
  31  4:18  Gateway  
  31  4:31  Stalker  
  33  5:12  Nexus  
  35  5:28  Dark Shrine  
  35  6:02  Pylon  
  35  6:05  Pylon, Assimilator  
  35  6:09  Pylon  
  35  6:14  Pylon  
  35  6:26  Assimilator  
  35  6:29  Dark Templar x3  
  37  7:11  Probe (Chrono Boost)  
  37  7:14  Probe (Chrono Boost)  
  39  7:24  Probe (Chrono Boost)  
  41  7:30  Dark Templar x3  
  41  7:31  Probe (Chrono Boost)  
  41  7:38  Probe (Chrono Boost)  
  48  7:48  Probe (Chrono Boost)  
  49  7:51  Shadow Fury  
  49  7:52  Probe (Chrono Boost)  
  50  8:05  Probe (Chrono Boost)  
  49  8:33  Dark Templar  
  49  8:35  Dark Templar x2  
  49  8:37  Protoss Ground Weapons Level 2  
  55  8:48  Probe (Chrono Boost)  
  57  8:51  Probe (Chrono Boost)  
  57  8:53  Gateway  
  57  8:58  Gateway  
  57  9:00  Gateway  
  57  9:01  Probe (Chrono Boost)  
  57  9:08  Probe (Chrono Boost)  
  59  9:23  Probe (Chrono Boost)  
  59  9:25  Probe (Chrono Boost)  
  59  9:29  Blink  
  61  9:33  Dark Templar  
  61  9:34  Dark Templar x2  
  68  9:42  Probe (Chrono Boost)  
  68  10:03  Gateway  
  68  10:05  Pylon  
  68  10:09  Pylon  
  68  10:12  Pylon  
  68  10:16  Pylon  
  68  10:19  Stalker  
  70  10:20  Stalker  
  70  10:21  Pylon  
  72  10:44  Dark Templar x4  
  80  10:52  Void Stasis  
  80  11:03  Stalker x2  
  84  11:17  Phase Reactor  
  84  11:49  Protoss Ground Weapons Level 3  
  78  12:10  Stalker x4  
  78  12:11  Stalker x3  
  92  12:50  Stalker  
  92  12:51  Stalker x4  
  102  13:02  Pylon x2  
  102  13:05  Pylon  
  102  13:07  Pylon  
  102  13:09  Pylon  
  102  13:12  Pylon  
  102  13:14  Stalker  
  102  13:15  Stalker  
  104  13:55  Stalker x5  
  104  13:56  Stalker  
  116  14:06  Dark Templar  
  118  14:34  Dark Pylon  
  118  15:18  Dark Templar x2  
  118  15:19  Dark Templar x5  
Tags
 
Add a new tag
Caveats
  • Supply blocks, unpowered buildings, or Contaminate may cause inaccurate times.
  • Supply counts are checked every 10 seconds.